AoeStats
← MeowMe

Arena

508186806Analyzed
3v3 RM · 11d ago on Sep 21, 2026· 48m 24s· 6 players
Game mode
Random Map
Map size
Normal (6 player)
Population
200
Speed
Normal
Resources
Standard
Victory
Conquest
Starting age
Dark Age
Ending age
Imperial Age
RankedLock teamsTeams togetherTeam positionsShared explorationLock speedFull tech treeHidden civsTurbo modeCheats
Victory
Defeat
🇮🇹 Teutons · Italy
1529
+13
🇮🇹 Italians · Italy
1396
+18
🇮🇹 Berbers · Italy
1289
+22
🇧🇾 Italians · Belarus
1527
-21
🇬🇪 Slavs · Georgia
1455
-18
🇻🇳 Muisca · Vietnam
1353
-14
Spada_Arancio
11:50 Feudal Age
15:51 Castle Age
13:58 Loom
14:08 Double-Bit Axe
14:43 Horse Collar
16:39 Wheelbarrow
16:31 Fletching
21:04 Bodkin Arrow
23:19 Ballistics
25:14 Husbandry
28:45 Bloodlines
32:10 Imperial Age
30:43 Hand Cart
30:46 Padded Archer Armor
31:02 Light Cavalry
32:02 Bow Saw
32:57 Leather Archer Armor
32:47 Scale Barding Armor
34:09 Chemistry
34:09 Town Watch
HSL | Faquilanoob
10:59 Feudal Age
14:53 Castle Age
13:32 Double-Bit Axe
14:06 Horse Collar
15:58 Bow Saw
18:11 Wheelbarrow
20:49 Loom
22:46 Hand Cart
22:26 Town Watch
23:46 Gold Mining
27:53 Imperial Age
25:44 Scale Mail Armor
27:09 Chain Mail Armor
27:04 Forging
26:58 Squires
29:20 Plate Mail Armor
29:26 Iron Casting
31:15 Conscription
31:10 Arson
33:56 Chemistry
33:17 Ballistics
33:15 Heavy Plow
34:16 Two-Man Saw
33:16 Stone Mining
34:36 Crop Rotation
35:09 Blast Furnace
33:59 Fletching
34:23 Masonry
34:32 Siege Engineers
35:22 Ironclad
35:22 Crenellations
35:42 Guilds
36:03 Coinage
36:22 Bodkin Arrow
46:58 Pikeman
Monesi28
8:27 Loom
10:48 Feudal Age
14:49 Castle Age
12:50 Double-Bit Axe
12:50 Horse Collar
13:11 Loom
13:15 Town Watch
14:17 Loom
17:37 Wheelbarrow
20:37 Gold Mining
22:24 Bow Saw
27:38 Imperial Age
26:38 Fletching
27:22 Masonry
27:27 Bodkin Arrow
28:24 Bracer
28:24 Padded Archer Armor
29:56 Chemistry
29:18 Heavy Plow
31:00 Leather Archer Armor
31:26 Fortified Wall
31:11 Elite Skirmisher
32:57 Conscription
33:43 Ring Archer Armor
33:38 Ballistics
33:48 Architecture
33:52 Scale Mail Armor
34:40 Forging
35:46 Hand Cart
37:11 Chain Mail Armor
38:37 Elite Genoese Crossbowman
39:52 Hoardings
40:51 Pirotechnia
41:16 Hoardings
42:41 Two-Man Saw
42:12 Crop Rotation
41:41 Murder Holes
43:29 Plate Mail Armor
43:22 Silk Road
45:03 Scale Barding Armor
46:52 Capped Ram
48:11 Caravan
48:21 Guilds
minhkhaidz204
10:51 Feudal Age
15:01 Castle Age
13:20 Double-Bit Axe
13:26 Horse Collar
14:37 Loom
15:52 Bow Saw
15:43 Heavy Plow
19:34 Gold Mining
21:37 Gold Shaft Mining
21:44 Wheelbarrow
31:08 Gold Shaft Mining
30:25 Stone Mining
31:44 Fletching
31:55 Padded Archer Armor
32:12 Hand Cart
33:12 Stone Shaft Mining
33:43 Bodkin Arrow
37:32 Imperial Age
36:49 Scale Mail Armor
37:00 Forging
38:00 Chain Mail Armor
37:46 Elite Temple Guard
38:27 Squires
39:05 Iron Casting
38:44 Town Watch
40:03 Two-Man Saw
39:33 Crop Rotation
39:45 Town Patrol
40:35 Plate Mail Armor
41:46 Bracer
42:01 Leather Archer Armor
42:29 Elite Guecha Warrior
43:29 Conscription
45:30 Chemistry
44:51 Ballistics
44:45 Masonry
OLADUSHEK
10:41 Feudal Age
11:52 Double-Bit Axe
14:24 Castle Age
13:01 Horse Collar
14:26 Fletching
15:25 Bow Saw
17:55 Loom
17:55 Town Watch
20:01 Wheelbarrow
21:17 Crossbowman
23:45 Hand Cart
26:02 Imperial Age
23:46 Padded Archer Armor
24:15 Bodkin Arrow
24:12 Gold Mining
25:24 Thumb Ring
26:17 Ballistics
26:45 Bracer
27:47 Chemistry
27:08 Heavy Plow
28:16 Stone Mining
28:16 Arbalester
30:51 Masonry
33:45 Two-Man Saw
33:39 Leather Archer Armor
34:04 Pirotechnia
34:15 Conscription
33:50 Treadmill Crane
35:00 Fortified Wall
37:09 Architecture
37:52 Ring Archer Armor
40:40 Stone Shaft Mining
MeowMe
12:15 Feudal Age
16:00 Castle Age
15:07 Double-Bit Axe
15:03 Horse Collar
19:37 Bow Saw
22:15 Town Watch
23:06 Wheelbarrow
22:21 Loom
23:48 Gold Mining
23:48 Stone Mining
28:51 Imperial Age
26:37 Fortified Wall
27:31 Fletching
27:41 Padded Archer Armor
28:07 Ballistics
27:44 Murder Holes
29:53 Hand Cart
30:18 Gold Shaft Mining
31:12 Detinets
31:33 Conscription
31:46 Druzhina
31:12 Man-at-Arms
31:53 Squires
31:38 Pikeman
32:22 Scale Mail Armor
32:33 Forging
32:40 Bodkin Arrow
32:18 Long Swordsman
34:18 Two-Man Saw
33:19 Heavy Plow
32:50 Two-Handed Swordsman
34:30 Coinage
35:36 Chain Mail Armor
35:57 Iron Casting
36:29 Iron Casting
36:55 Plate Mail Armor
36:44 Champion
39:35 Blast Furnace
48:09 Crop Rotation
Connection lost

Rejoining the realm…

Still unreachable

The connection could not be restored.

Session expired

The server has moved on; the page needs a fresh start.